 Dungeon Crawl Stone Soup version 0.22-a0-456-g11ed031617 (webtiles) character file.

163 Ireaine the Chopper (level 5, -2/47 HPs)
             Began as a Hill Orc Berserker on June 7, 2018.
             Was a Believer of Trog.
             Slain by a worker ant (5 damage)
             ... on level 4 of the Dungeon.
             The game lasted 00:04:36 (2585 turns).

Ireaine the Chopper (Hill Orc Berserker)            Turns: 2585, Time: 00:04:36

Health: -2/47      AC:  3    Str: 20    XL:     5   Next: 44%
Magic:  5/5        EV: 11    Int:  7    God:    Trog [**....]
Gold:   95         SH:  0    Dex: 11    Spells: 4/4 levels left

rFire    . . .     SeeInvis .   a - +0 hand axe
rCold    . . .     Gourm    .   (no shield)
rNeg     . . .     Faith    .   j - -2 ring mail (curse)
rPois    .         Spirit   .   (no helmet)
rElec    .         Reflect  .   (no cloak)
rCorr    .         Harm     .   (no gloves)
MR       .....                  (no boots)
Stlth    +.........             (no amulet)
HPRegen  0.15/turn              (no ring)
MPRegen  0.09/turn              (no ring)

@: no status effects
A: no striking features
a: Berserk, Trog's Hand, Renounce Religion


You were on level 4 of the Dungeon.
You worshipped Trog.
Trog was pleased with you.
You were not hungry.

You visited 1 branch of the dungeon, and saw 4 of its levels.

You collected 95 gold pieces.

Inventory:

Hand Weapons
 a - a +0 hand axe (weapon)
 m - a +0 war axe
Armour
 b - a +1 animal skin
 j - a cursed -2 ring mail (worn)
Jewellery
 p - a +5 ring of evasion {unknown}
Wands
 k - a wand of flame (21)
Scrolls
 e - a scroll of fear
 n - a scroll of teleportation
Potions
 d - a potion of brilliance {unknown}
 f - 3 potions of might {unknown}
 g - 6 potions of curing
 h - 2 potions of flight {unknown}
 i - 3 potions of lignification {unknown}
 l - a potion of mutation {unknown}
Comestibles
 c - 4 rations


   Skills:
 + Level 4.4 Fighting
 * Level 7.0 Axes
 + Level 2.5 Armour
 - Level 1.5 Dodging
 + Level 0.5 Stealth


You had 4 spell levels left.
You didn't know any spells.
Your spell library was empty.

Dungeon Overview and Level Annotations

Branches:
Dungeon (4/15)
 Temple: D:4-7

Altars:
Dithmenos
Qazlal


Message History

You start resting.
A worker ant comes into view.
A worker ant is nearby!
You are too injured to fight recklessly!
You are too injured to fight recklessly!
You are too injured to fight recklessly!
Unknown command.
The worker ant twitches its antennae in your direction.
The worker ant bites you but does no damage.
You hit the worker ant but do no damage.
The worker ant barely misses you.
You hit the worker ant.
The worker ant is lightly wounded.
The worker ant barely misses you.
You slash the worker ant!
The worker ant is heavily wounded.
The worker ant bites you.
* * * LOW HITPOINT WARNING * * *
The worker ant bites you.
You die...

.... ...... ...
.... ... #. #'# #.
#.# #.[ .##
#.####.####..## .##
#...)a....#...##.##
#.a###...........#.
##@# #.##.....#.
#.###+###.#...#.#.
#.#.....#.#...#.#.
#.#.....#.#.....#.
#.'.._..+.#.#.###.
###.....#...#.# #.
#.....#.###.###.
###'###.# #.....
#.....# ######


You could see a worker ant.

Vanquished Creatures
  An ogre (D:4)
  2 adders (D:3)
  2 worms
  3 leopard geckos
  4 orcs (D:3)
  3 bats
  2 giant cockroaches (D:3)
  5 goblins
  6 hobgoblins
  7 jackals (D:2)
  3 kobolds
  A quokka (D:3)
  6 frilled lizards
  4 rats
49 creatures vanquished.

Notes
Turn   | Place    | Note
-------+----------+-------------------------------------------
     0 | D:1      | Ireaine the Hill Orc Berserker began the quest for the Orb.
     0 | D:1      | Reached XP level 1. HP: 19/19 MP: 1/1
   424 | D:1      | Reached XP level 2. HP: 27/27 MP: 2/2
  1008 | D:2      | Reached skill level 5 in Axes
  1009 | D:2      | Reached XP level 3. HP: 25/33 MP: 3/3
  1104 | D:2      | Found a stormy altar of Qazlal.
  1792 | D:3      | Reached ** piety under Trog
  1975 | D:3      | Reached XP level 4. HP: 32/40 MP: 4/4
  2155 | D:3      | Reached skill level 6 in Axes
  2546 | D:4      | Found a shadowy altar of Dithmenos.
  2559 | D:4      | Noticed an ogre
  2564 | D:4      | HP: 2/40 [ogre/giant club (16)]
  2568 | D:4      | Killed an ogre
  2568 | D:4      | Reached skill level 7 in Axes
  2568 | D:4      | Reached XP level 5. HP: 3/47 MP: 5/5
  2585 | D:4      | Slain by a worker ant

Vault maps used:
D:1:      lightli_arrival_statue_moat, hangedman_decor_clover_reticule
D:2:      lemuel_crystal_altar
D:3:      first_ration
D:4:      nicolae_ashenzari_panopticon, kennysheep_little_box

Skill      XL: |  1  2  3  4 |
---------------+-------------+-----
Fighting       | 4 |  4.4
Axes           | 5 7 |  7.0
Armour         | |  2.5
Dodging        | |  1.5
Stealth        | |  0.5

Action                   |  1- 3 |  4- 6 || total
-------------------------+-------+-------++-------
Melee: Hand axe          |   105 |    44 ||   149
       War axe           |     2 |       ||     2
Invok: Berserk           |     1 |       ||     1
  Use: Scroll            |     7 |     1 ||     8
 Stab: Sleeping          |     1 |       ||     1
  Eat: Ration            |     1 |     1 ||     2
Armor: Animal skin       |    25 |       ||    25
       Ring mail         |     4 |     9 ||    13
Dodge: Dodged            |    97 |    20 ||   117

Table legend:
 A = Spawn XP
 B = Non-spawn XP
 C = Spawn XP percentage of total XP
 D = Spawn monster count
 E = Non-spawn monster count
 F = Spawn count percentage of total count
 G = Total turns spent on level
                    A         B        C        D         E        F      G
               +---------+---------+-------+---------+---------+-------+---------
         Total |       0 |     234 |   0.0 |       0 |      49 |   0.0 |  2585
               +---------+---------+-------+---------+---------+-------+---------
           D:1 |       0 |      21 |   0.0 |       0 |      12 |   0.0 |   959
           D:2 |       0 |      33 |   0.0 |       0 |      17 |   0.0 |   730
           D:3 |       0 |      59 |   0.0 |       0 |      18 |   0.0 |   821
           D:4 |       0 |     121 |   0.0 |       0 |       2 |   0.0 |    75
               +---------+---------+-------+---------+---------+-------+---------
